 Dungeon Crawl Stone Soup version 0.29.1-4-g47bece8355 (webtiles) character file.

Game seed: 13862629811907325985

6685 safid the Marksminotaur (level 10, 0/88 HPs)
             Began as a Minotaur Hunter on Dec 6, 2022.
             Was a Believer of Okawaru.
             Shot with a bolt by a tengu warrior (9 damage)
             ... on level 13 of the Dungeon.
             The game lasted 00:19:02 (9169 turns).

safid the Marksminotaur (Minotaur Hunter)           Turns: 9169, Time: 00:19:03

Health: 0/88       AC:  9    Str: 16    XL:     10   Next: 73%
Magic:  11/11      EV: 10    Int:  6    God:    Okawaru [**....]
Gold:   51         SH:  0    Dex: 14    Spells: 9/9 levels left

rFire   . . .      SeeInvis +   C - +8 arbalest of Vaudon {penet, rCorr Dex-4 Stlth+}
rCold   . . .      Faith    .   (shield currently unavailable)
rNeg    . . .      Spirit   .   D - +0 scale mail
rPois   +          Reflect  .   (helmet restricted)
rElec   .          Harm     .   w - +2 cloak
rCorr   +          Rampage  .   (no gloves)
Will    .....                   (no boots)
Stlth   +.........              a - amulet of regeneration
HPRegen 1.04/turn               n - ring of see invisible
MPRegen 0.12/turn               b - ring of poison resistance

@: no status effects
A: horns 2, retaliatory headbutt
a: Renounce Religion, Heroism


You were on level 13 of the Dungeon.
You worshipped Okawaru.
Okawaru was pleased with you.
You visited 2 branches of the dungeon, and saw 12 of its levels.
You also visited: Ossuary.

You collected 654 gold pieces.
You spent 603 gold pieces at shops.

Inventory:

Hand Weapons
 C - the +8 arbalest of Vaudon (weapon) {penet, rCorr Dex-4 Stlth+}
   (You bought it in a shop on level 5 of the Dungeon)

   Any ammunition fired by it passes through the targets it hits, potentially
   hitting all targets in its path until it reaches maximum range.
   Dex:       It affects your dexterity (-4).
   rCorr:     It protects you from acid and corrosion.
   Stlth:     It makes you more stealthy.
Missiles
 d - 3 throwing nets
Armour
 w - a +2 cloak (worn)
 D - a +0 scale mail (worn)
Jewellery
 a - an amulet of regeneration (around neck)
 b - a ring of poison resistance (right hand)
 e - a ring of fire
 n - a ring of see invisible (left hand)
 v - a ring of flight
Wands
 y - a wand of roots (21)
 E - a wand of polymorph (9)
 F - a wand of paralysis (11)
Scrolls
 c - a scroll of magic mapping
 g - a scroll of silence {unknown}
 h - 2 scrolls of fog
 i - a scroll of poison {unknown}
 j - 4 scrolls of teleportation
 k - a scroll of summoning {unknown}
 l - 2 scrolls of blinking
 o - a scroll of amnesia {unknown}
 s - 2 scrolls of enchant armour {unknown}
 u - a scroll of fear {unknown}
 G - a scroll of identify
Potions
 f - a potion of experience {unknown}
 m - 3 potions of haste
 p - 4 potions of berserk rage
 q - 4 potions of mutation
 r - a potion of lignification {unknown}
 t - 2 potions of attraction {unknown}
 x - 3 potions of cancellation {unknown}
 z - a potion of flight {unknown}
 A - 2 potions of resistance {unknown}
 B - a potion of invisibility {unknown}
 H - 2 potions of magic {unknown}
 I - a potion of might {unknown}


   Skills:
 - Level 8.0 Fighting
 + Level 16.4 Ranged Weapons
 - Level 2.1 Dodging
 - Level 0.7 Stealth
 + Level 3.0 Invocations


You had 9 spell levels left.
You didn't know any spells.
Your spell library contained the following spells:

 Spells                   Type           Power      Damage    Failure   Level
 Freeze                   Ice            0%         1d3       88%         1
 Sandblast                Erth           0%         2d4       88%         1
 Blink                    Tloc           0%         N/A       96%         2
 Passwall                 Tmut/Erth      0%         N/A       96%         2
 Frozen Ramparts          Ice            0%         1d1       99%         3
 Stone Arrow              Conj/Erth      0%         3d7       99%         3
 Hailstorm                Conj/Ice       0%         3d3       100%        4
 Manifold Assault         Tloc           0%         N/A       100%        5
 Storm Form               Tmut/Air       0%         N/A       100%        7


Dungeon Overview and Level Annotations

Branches:
Dungeon (10/15)            Temple (1/1) D:7          Vaults (0/5) D:13
Ossuary (visited)
   Lair: D:8-11         Orc: D:9-12

Altars:
Ashenzari
Cheibriados
Dithmenos
Elyvilon
Fedhas
Gozag
Hepliaklqana
Kikubaaqudgha
Makhleb
Nemelex Xobeh
Okawaru
Qazlal
Ru
Sif Muna
Trog
Uskayaw
Vehumet
Wu Jian
Xom
Yredelemnul
Zin
The Shining One

Shops:
D:5 (=(   D:10 =


Innate Abilities, Weirdness & Mutations

You have a pair of horns on your head.
You reflexively headbutt those who attack you in melee.


Message History

* * * LOW HITPOINT WARNING * * *
Your surroundings suddenly seem different.
A tengu warrior and a cyclops come into view.
The tengu warrior unwields a +2 glaive.
The tengu warrior wields a +0 arbalest.
The tengu warrior shoots a bolt.
The bolt hits you!
* * * LOW HITPOINT WARNING * * *
You hear an angry buzzing noise. x2
Unknown command.
Unknown command.
Unknown command.
As you read the scroll of fog, it crumbles to dust.
The scroll dissolves into smoke.
The tengu warrior shoots a bolt.
The bolt barely misses you.
As you read the scroll of teleportation, it crumbles to dust.
You feel strangely unstable.
You open the door.
Found a shimmering altar of Xom.
There is an open door here.
Your surroundings suddenly seem different.
A tengu warrior and a tengu conjurer come into view.
Found a stone staircase leading up.
The tengu warrior shouts!
The tengu conjurer shouts!
The tengu conjurer mumbles some strange words.
The tengu conjurer conjures a globe of magical energy!
The tengu warrior unwields a +0 dire flail.
The tengu warrior wields a +0 arbalest.
The tengu warrior shoots a bolt.
The bolt barely misses you.
A battlesphere comes into view.
Unknown command.
As you read the scroll of fog, it crumbles to dust.
The scroll dissolves into smoke.
The tengu warrior shoots a bolt.
The bolt hits you!
* * * LOW HITPOINT WARNING * * *
Unknown command.
Blink to where?
Press: ? - help, Dir - move target
As you read the scroll labelled UCHAHO QAIDAOC, it crumbles to dust.
It was a scroll of blinking.
The tengu warrior shoots a bolt.
The bolt hits you!
You die...

###############
...............#
...............#
...............#
............<..#
...............#
.........@.....#
......§......§.#
##..§§§##....##
##..§§Q##§...###
+...§§§§§§§§...#
#....§§§§§§§...#
#....§§§§§§.§..#
#......§§§.....#
#..............#


You could see a tengu warrior.

Vanquished Creatures
  Maggie (D:7)
  5 yaks (D:10)
  2 steam dragons
  3 water moccasins
  4 ice beasts
  3 orc warriors
  A sky beast (D:7)
  A black bear (D:5)
  5 ogres
  4 centaurs
  4 elf zombies (Ossuary)
  A kobold brigand (D:7)
  2 bullfrogs
  2 necrophages
  A scorpion (D:6)
  15 wights
  11 killer bees (D:9)
  A howler monkey (D:7)
  4 human zombies (Ossuary)
  2 centaur zombies (Ossuary)
  3 hounds
  10 orc priests
  2 gnoll boudas
  4 iguanas
  13 orc wizards
  Natasha (twice) (D:3)
  A statue (D:7)
  2 hound zombies (Ossuary)
  4 mummies
  9 gnolls
  9 adders
  A shadow imp (D:6)
  2 ufetubi
  3 adder zombies (Ossuary)
  A worm (D:2)
  6 dart slugs
  59 orcs
  7 ball pythons
  6 bats
  5 endoplasms
  3 giant cockroaches
  6 goblins
  3 hobgoblins
  14 jackals
  14 kobolds
  7 quokkas
  4 frilled lizards
  3 goblin zombies (Ossuary)
  4 hobgoblin zombies
  A jackal zombie (Ossuary)
  6 kobold zombies (Ossuary)
  An orc zombie (D:7)
  4 quokka zombies (Ossuary)
  4 rats
  2 rat zombies (Ossuary)
297 creatures vanquished.

Vanquished Creatures (others)
  A fungus (D:1)
1 creature vanquished.

Grand Total: 298 creatures vanquished

Notes
Turn   | Place    | Note
-------+----------+-------------------------------------------
     0 | D:1      | safid the Minotaur Hunter began the quest for the Orb.
     0 | D:1      | Reached XP level 1. HP: 18/18 MP: 0/0
    44 | D:1      | Reached XP level 2. HP: 16/25 MP: 1/1
   305 | D:1      | Reached skill level 5 in Ranged Weapons
   305 | D:1      | Reached XP level 3. HP: 30/31 MP: 2/2
   711 | D:1      | Found a faded altar of an unknown god.
  1234 | D:2      | Reached XP level 4. HP: 40/40 MP: 3/3
  1738 | D:3      | Noticed a bullfrog
  1744 | D:3      | Killed a bullfrog
  1745 | D:3      | Reached XP level 5. HP: 47/47 MP: 4/4
  2064 | D:3      | Reached skill level 5 in Fighting
  2076 | D:3      | Reached skill level 6 in Ranged Weapons
  2247 | D:3      | Noticed Natasha
  2256 | D:3      | Killed Natasha
  2423 | D:3      | Noticed Natasha
  2486 | D:3      | Killed Natasha
  2639 | D:4      | Noticed an ogre
  2648 | D:4      | Killed an ogre
  2649 | D:4      | Reached XP level 6. HP: 57/57 MP: 5/5
  2980 | D:4      | Found a burning altar of Makhleb.
  2980 | D:4      | Found an ancient bone altar of Kikubaaqudgha.
  2986 | D:4      | Found a faded altar of an unknown god.
  2988 | D:4      | Found a white marble altar of Elyvilon.
  2990 | D:4      | Found a stormy altar of Qazlal.
  3102 | D:5      | Entered Level 5 of the Dungeon
  3117 | D:5      | Reached skill level 7 in Ranged Weapons
  3377 | D:4      | Reached XP level 7. HP: 24/64 MP: 6/6
  4105 | D:5      | Reached skill level 8 in Ranged Weapons
  4206 | D:5      | Found Yhiypid's Antique Weapon Emporium.
  4209 | D:5      | Found Sirebbuk's Jewellery Boutique.
  4209 | D:5      | Found Puiga's Antique Weapon Shop.
  4232 | D:5      | Reached XP level 8. HP: 74/74 MP: 7/7
  4547 | D:5      | Found a runed translucent door.
  4598 | D:5      | Reached skill level 9 in Ranged Weapons
  5008 | D:5      | Bought a steaming arbalest for 323 gold pieces
  5008 | D:5      | Identified the +8 arbalest of Vaudon {penet, rCorr Dex-4
                  | Stlth+} (You bought it in a shop on level 5 of the Dungeon)
  5178 | D:6      | Reached skill level 10 in Ranged Weapons
  5390 | D:6      | Reached skill level 11 in Ranged Weapons
  5787 | D:7      | Reached XP level 9. HP: 81/81 MP: 8/8
  5831 | D:7      | Reached skill level 12 in Ranged Weapons
  5895 | D:7      | Found a staircase to the Ecumenical Temple.
  5917 | D:7      | Reached skill level 13 in Ranged Weapons
  5924 | Temple   | Entered the Ecumenical Temple
  6148 | D:7      | Found a sand-covered staircase.
  6153 | Ossuary  | Entered an ossuary
  6333 | Ossuary  | Reached skill level 14 in Ranged Weapons
  6637 | Temple   | Became a worshipper of Warmaster Okawaru
  6702 | D:7      | Found an ornate altar of the Wu Jian Council.
  6770 | D:7      | Noticed Maggie
  6780 | D:7      | Killed Maggie
  6879 | D:7      | Found a radiant altar of Vehumet.
  7047 | D:7      | Reached XP level 10. HP: 88/88 MP: 9/9
  7427 | D:8      | Reached skill level 15 in Ranged Weapons
  7472 | D:8      | Reached * piety under Okawaru
  8079 | D:9      | Reached ** piety under Okawaru
  8085 | D:9      | Reached skill level 16 in Ranged Weapons
  8347 | D:5      | Bought a ring of poison resistance for 280 gold pieces
  8828 | D:10     | Entered Level 10 of the Dungeon
  8839 | D:10     | Found Offautyh's Jewellery Shoppe.
  8904 | D:10     | Reached skill level 1 in Invocations
  9090 | D:10     | You fall into a shaft and drop 3 floors!
  9095 | D:13     | Identified the +4 ring mail "Luraemym" {*Corrode rPois
                  | rF++}
  9153 | D:13     | Found a gate to the Vaults.
  9153 | D:13     | Noticed a catoblepas
  9153 | D:13     | Noticed a centaur warrior
  9153 | D:13     | Noticed a vault guard
  9153 | D:13     | Noticed a vault guard
  9153 | D:13     | Noticed a vault guard
  9153 | D:13     | Noticed a vault guard
  9153 | D:13     | Noticed a manticore
  9157 | D:13     | Noticed a tengu warrior
  9157 | D:13     | Noticed a cyclops
  9162 | D:13     | Found a shimmering altar of Xom.
  9163 | D:13     | Noticed a tengu warrior
  9164 | D:13     | HP: 4/88 [tengu warrior/bolt (14)]
  9169 | D:13     | Shot with a bolt by a tengu warrior

Illustrated notes

Levels and vault maps discovered:
D:1:      tarquinn_simple_flora_water_e, layout_basic,
          shapermc_ecumenical_altar_hornbeckon
D:2:      layout_loops_corners, kennysheep_nondescript, minmay_bisected
D:3:      layout_loops_ring, st_stairs_9, uniq_natasha
D:4:      layout_cave_pools, chequers_temple_overflow_minitemple,
          kennysheep_generic_room_10
D:5:      layout_basic, chequers_serial_rivers_small_a,
          nicolae_wooded_promenade, hangedman_decor_opposing,
          lightli_church_of_beogh
D:6:      layout_cave_pods
D:7:      layout_loops_corners, mainiacjoe_overflow_boulevard, vehumet_statue,
          minmay_temple_entry_sparse_star, nicolae_ossuary_entry_giza,
          amcnicky_mini_pool_medium, uniq_maggie
D:8:      layout_basic
D:9:      layout_irregular_city
D:10:     layout_loops_ring, hiddenorc2_lemuel, serial_shops, shop_statue,
          minmay_misc_feat_rows
D:13:     layout_gridville, lightli_vaults_fourway_checkpoint, xom_redecorated
Temple:   regret_index_temple_sphere_string

Skill      XL: |  1  2  3  4  5  6  7  8  9 10 |
---------------+-------------------------------+-----
Fighting       | 3 4 5 6 8 |  8.0
Ranged Weapons | 5 6 7 8 11 14 16 | 16.4
Invocations    | 3 |  3.0
Dodging        | |  2.1
Stealth        | |  0.7

Action                   |  1- 3 |  4- 6 |  7- 9 | 10-12 || total
-------------------------+-------+-------+-------+-------++-------
Melee: Arbalest          |       |       |       |     1 ||     1
 Fire: Shortbow          |    85 |   150 |   159 |       ||   394
       Arbalest          |       |       |   209 |   119 ||   328
  Use: Scroll            |       |       |     5 |    10 ||    15
       Potion            |       |       |     1 |     1 ||     2
Armor: Leather armour    |    12 |    20 |    12 |       ||    44
       Scale mail        |       |       |    48 |    36 ||    84
Dodge: Dodged            |    28 |    33 |   104 |    45 ||   210
